 Seeded DCSS version 0.31-a0-1570-g93c622d222 (webtiles) character file.

Game seed: 9117755796189455733 (custom seed)

133 innerfire43 the Trooper (level 4, 0/54 HPs)
             Began as a Demonspawn Wanderer on Jan 3, 2024.
             Slain by a goblin
             ... wielding a +0 dagger
             ... led by Robin
              (5 damage)
             ... on level 3 of the Dungeon.
             The game lasted 00:04:29 (2584 turns).

innerfire43 the Trooper (Demonspawn Wanderer)       Turns: 2584, Time: 00:04:30

Health: 0/54       AC:  4    Str: 10    XL:     4   Next: 93%
Magic:  5/9        EV: 11    Int: 14    God:
Gold:   127        SH:  0    Dex: 15    Spells: 8/9 levels left

rFire   . . .        a - +0 dagger
rCold   . . .        (no shield)
rNeg    . . .        e - +0 robe
rPois   .            (no helmet)
rElec   .            (no cloak)
rCorr   .            (no gloves)
SInv    .            (no boots)
Will    .....        (no amulet) Stlth
                     (no ring)
HPRegen 2.29/turn    (no ring)
MPRegen 0.11/turn

%: no passive effects
@: berserking (expiring), very quick
A: slimy green scales 1, powered by death 1
a: no special abilities


You were on level 3 of the Dungeon.
You visited 1 branch of the dungeon, and saw 3 of its levels.

You collected 127 gold pieces.

Inventory:

Hand Weapons
 a - a +0 dagger (weapon)
Armour
 e - a +0 robe (worn)
Wands
 l - a wand of polymorph (9)
Scrolls
 f - a scroll of blinking {unknown}
 g - a scroll of torment {unknown}
 h - 5 scrolls of identify {unknown}
Potions
 c - 2 potions of degeneration {unknown}
 d - a potion of attraction
 i - a potion of brilliance {unknown}
 j - a potion of mutation {unknown}
 k - a potion of resistance {unknown}


   Skills:
 + Level 3.6 Fighting
 - Level 1.0 Stealth
 - Level 1.7 Unarmed Combat
 * Level 3.4 Spellcasting
 * Level 3.2 Ice Magic


You had 8 spell levels left.
You knew the following spells:

 Your Spells              Type           Power      Damage    Failure   Level
a - Freeze                Ice            44%        1d6       5%          1

Your spell library contained the following spells:

 Spells                   Type           Power      Damage    Failure   Level
 Summon Ice Beast         Ice/Summ       6%         N/A       32%         3


Dungeon Overview and Level Annotations

Branches:
Dungeon (3/15)

Altars:

Annotations:
D:3 Robin


Innate Abilities, Weirdness & Mutations

You are partially covered in slimy green scales. (AC +2)
You regenerate a little health from kills.


Message History

The orc hits you from afar with a +0 trident.
* * * LOW HITPOINT WARNING * * *
You feel better. The goblin barely misses you.
The orc hits you from afar with a +0 trident.
* * * LOW HITPOINT WARNING * * *
A hobgoblin comes into view.
A red film seems to cover your vision as you go berserk!
You feel yourself moving faster!
You feel mighty! The goblin hits you but does no damage. The orc misses you.
You puncture the goblin!
You kill the goblin!
Robin roars a battlecry!
The goblins go into a battle-frenzy!
The goblin hits you but does no damage. The orc hits you with a +0 trident.
* * * LOW HITPOINT WARNING * * *
Items here: )))) †.
You closely miss the orc. The goblin barely misses you.
The orc hits you with a +0 trident.
* * * LOW HITPOINT WARNING * * *
The goblin barely misses you.
You hit the orc.
The orc is severely wounded.
You barely miss the orc.
The orc is severely wounded.
The goblin hits you but does no damage. x2; The orc completely misses you.
You hit the orc.
You kill the orc!
Robin throws the goblin at you! The goblin hits you with a +0 dagger.
* * * LOW HITPOINT WARNING * * *
The goblin hits you with a +0 dagger.
* * * LOW HITPOINT WARNING * * *
The goblin hits you with a +0 club.
* * * LOW HITPOINT WARNING * * *
You puncture the goblin!
You kill the goblin!
The goblin attacks as it pursues you! The goblin barely misses you.
Items here: ))))) [ †††.
You feel a strong urge to attack something.
The goblin attacks as it pursues you! The goblin hits you with a +0 dagger.
You die...

#...... #.>...
#.... #.#.# #
#.#g##.# #.)gg..#
#.#)##..... #.#g#
### #.#@#
#######.#.#
........#.#
#######....#
...........# .
##########...#.....
.............[.....
######..###........
#..# ###.##.##


You could see Robin, a hobgoblin (strong) and 2 goblins.

Vanquished Creatures
  Jessica (D:3)
  2 adders
  2 dart slugs
  A ribbon worm (D:2)
  5 orcs (D:3)
  2 bats
  4 endoplasms
  2 giant cockroaches
  21 goblins
  8 hobgoblins
  4 jackals (D:1)
  6 kobolds
  A quokka (D:1)
  4 ball pythons
  A frilled lizard (D:2)
  4 rats
68 creatures vanquished.

Notes
Turn   | Place    | Note
-------+----------+-------------------------------------------
     0 | D:1      | innerfire43 the Demonspawn Wanderer began the quest for the
                  | Orb.
     0 | D:1      | innerfire43 set off with the following items: a +0 dagger,
                  | a potion of berserk rage, a potion of curing, a potion of
                  | attraction, a +0 robe, a potion of heal wounds; and the
                  | following spell memorised: Freeze; and the following spells
                  | available to memorise: Summon Ice Beast.
     0 | D:1      | Reached XP level 1. HP: 18/18 MP: 3/3
    83 | D:1      | Gained mutation: You regenerate a little health from kills.
                  | [demonic ancestry]
    83 | D:1      | Reached XP level 2. HP: 10/24 MP: 0/5
   563 | D:1      | Gained mutation: You are partially covered in slimy green
                  | scales. (AC +2) [demonic ancestry]
   563 | D:1      | Reached XP level 3. HP: 21/29 MP: 6/6
  1844 | D:2      | Reached XP level 4. HP: 32/35 MP: 8/8
  2252 | D:3      | Noticed Jessica
  2265 | D:3      | Killed Jessica
  2573 | D:3      | Noticed Robin
  2581 | D:3      | HP: 1/54 [goblin/+0 club[Robin] (2)]
  2584 | D:3      | Slain by a goblin

Illustrated notes

Levels and vault maps discovered:
D:1:      dpeg_arrival_water_temple_mockup, layout_basic
D:2:      kennysheep_the_goblin_king, layout_basic, chequers_arboretum,
          chequers_serial_rivers_small_b
D:3:      layout_loops_ring, nicolae_ashenzari_panopticon, uniq_robin,
          uniq_jessica

Skill      XL: |  1  2  3  4 |
---------------+-------------+-----
Ice Magic      | 2 3 |  3.2
Spellcasting   | 3 |  3.4
Fighting       | |  3.6
Stealth        | |  1.0
Unarmed Combat | |  1.7

Action                     |  1- 3 |  4- 6 || total
---------------------------+-------+-------++-------
  Melee: Dagger            |   177 |    59 ||   236
         Punch             |     5 |       ||     5
   Cast: Freeze            |    25 |    27 ||    52
    Use: Potion            |     2 |     2 ||     4
   Stab: Distracted        |     1 |       ||     1
         Sleeping          |     2 |       ||     2
 Armour: Robe              |   110 |    53 ||   163
  Dodge: Dodged            |   143 |    46 ||   189

Table legend: (Time is in decaauts)
 A = Elapsed time spent in this place.
 B = Non-inter-level travel time spent in this place.
 C = Inter-level travel time spent in this place.
 D = Time resting spent in this place.
 E = Time spent auto-exploring this place.
 F = Levels seen in this place.
 G = Mean time per level.
                   A        B        C        D        E       F      G
               +--------+--------+--------+--------+--------+-----+--------+
         Total |   2581 |   2566 |     15 |      0 |   2038 |   3 |  860.3 |
       Dungeon |   2581 |   2566 |     15 |      0 |   2038 |   3 |  860.3 |
               +--------+--------+--------+--------+--------+-----+--------+

Top non-repeatable levels by time:
     D:2: 1203 daAuts
     D:1: 1049 daAuts
     D:3: 329 daAuts
